 Dungeon Crawl Stone Soup version 0.19-a0-36-g4a0968a (webtiles) character file.

7800 nubinia the Thaumaturge (level 11, -8/59 (60) HPs)
             Began as a Deep Elf Venom Mage on May 3, 2016.
             Was a Priest of Vehumet.
             Mangled by a yak (14 damage)
             ... on level 2 of the Lair of Beasts.
             The game lasted 01:24:44 (13204 turns).

nubinia the Thaumaturge (Deep Elf Venom Mage)      Turns: 13204, Time: 01:24:45

HP:   -8/59 (60)    AC:  8    Str:  5    XL:     11   Next: 1%
MP:   21/28         EV: 16    Int: 23    God:    Vehumet [***...]
Gold: 337           SH:  3    Dex: 16    Spells: 6 memorised, 20 levels left

rFire  . . .     SeeInvis .     J - +2 dagger (elec)
rCold  . . .     Gourm    .     K - +2 robe {rN+}
rNeg   + . .     Faith    .     (no shield)
rPois  .         Spirit   .     (no helmet)
rElec  .         Dismiss  .     (no cloak)
rCorr  .         Reflect  +     (no gloves)
SustAt .         Harm     .     f - +0 pair of boots
MR     +....                    N - +3 amulet of reflection
Stlth  +++.......               (no ring)
                                G - ring of flight

@: somewhat resistant to hostile enchantments, fairly stealthy
A: hooves 1, iridescent scales 1, blink, deformed body, slow regeneration 1,
MP-powered wands
a: Blink, Renounce Religion, Evoke Flight


You were on level 2 of the Lair of Beasts.
You worshipped Vehumet.
Vehumet was most pleased with you.
You were full.

You visited 3 branches of the dungeon, and saw 11 of its levels.

You collected 337 gold pieces.

Inventory:

Hand Weapons
 e - a +0 scythe of venom
 j - a +0 dagger
 q - a +1 scimitar of holy wrath
 x - a +3 quarterstaff of crushing
 z - a +2 spear of flaming
 F - the +2 hand axe "Emit" {chop, Int+2}
   (You found it on level 5 of the Dungeon)

   It inflicts extra damage upon your enemies.
   It affects your intelligence (+2).
 H - a +0 short sword of holy wrath
 J - a +2 dagger of electrocution (weapon)
 M - a +3 spear of venom
Missiles
 d - 283 stones (quivered)
Armour
 a - a +0 robe
 f - a +0 pair of boots (worn)
 k - a +0 robe
 K - a +2 robe of positive energy (worn)
Jewellery
 v - an uncursed amulet of the gourmand
 G - a ring of flight (left hand)
 N - a +3 amulet of reflection (around neck)
Wands
 y - a wand of teleportation (8/9)
 A - a wand of confusion (25/48)
 B - a wand of teleportation (4/9)
 C - a wand of flame (0/48)
 P - a wand of acid (13/15)
 S - a wand of random effects (0/48)
Scrolls
 o - 2 scrolls of remove curse
 p - 2 scrolls of teleportation
 w - a scroll of magic mapping
 D - 4 scrolls of identify
 L - a scroll of blinking
 O - 3 scrolls of enchant armour
Potions
 h - a potion of agility
 l - 2 potions of might
 r - 2 potions of curing
 s - a potion of heal wounds
 E - 2 potions of magic
 Q - a potion of cancellation
 T - a potion of cure mutation
Books
 b - a Young Poisoner's Handbook

   Spells                             Type                      Level
   a - Sting                          Conjuration/Poison           1
   b - Cure Poison                    Poison                       2
   c - Mephitic Cloud                 Conjuration/Poison/Air       3
   d - Olgreb's Toxic Radiance        Poison                       4
   e - Venom Bolt                     Conjuration/Poison           5
 I - a Necronomicon

   Spells                             Type                      Level
   a - Haunt                          Necromancy/Summoning         7
   b - Borgnjor's Revivification      Necromancy                   8
   c - Death's Door                   Charms/Necromancy            8
   d - Necromutation                  Transmutation/Necromancy     8
Comestibles
 c - 5 bread rations
 g - 4 meat rations
 m - 27 fruits
 n - 6 beef jerkies
 R - 7 slices of pizza


   Skills:
 + Level 3.3 Fighting
 + Level 1.6(2.1) Polearms
 + Level 2.4(2.9) Staves
 + Level 6.7 Dodging
 + Level 5.7 Stealth
 + Level 11.3 Spellcasting
 + Level 6.4 Conjurations
 * Level 5.1 Ice Magic
 + Level 3.1 Air Magic
 + Level 6.9 Earth Magic
 - Level 7.0 Poison Magic
 + Level 1.5 Evocations


You had 20 spell levels left.
You knew the following spells:

 Your Spells              Type           Power        Failure   Level  Hunger
a - Sting                 Conj/Pois      ####         1%          1    None
b - Cure Poison           Pois           #####.....   1%          2    None
c - Mephitic Cloud        Conj/Pois/Air  #####...     1%          3    None
d - Olgreb's Toxic Radia  Pois           #####...     1%          4    None
e - Sandblast             Erth           #####.       1%          1    None
f - Freeze                Ice            ####         1%          1    None


Dungeon Overview and Level Annotations

Branches:
Dungeon (8/15)             Temple (1/1) D:7            Lair (2/8) D:8

Altars:
Gozag
Pakellas
Qazlal
Vehumet
Xom
Yredelemnul
The Shining One

Annotations:
D:3 M4edhros's ghost, weakling OpNe
D:5 Sagrath01's ghost, novice OpTm


Innate Abilities, Weirdness & Mutations

You have large cloven feet.
You are partially covered in iridescent scales (AC +4).
You can translocate small distances at will.
Armour fits poorly on your strangely shaped body.
You regenerate slowly when monsters are visible.
You expend magic power (3 MP) to strengthen your wands.


Message History

The yak is severely wounded.
You are engulfed in noxious fumes.
You choke on the stench!
You are more confused.
The yak gores you but does no damage.
Something bites the yak!
You hit the yak but do no damage.
There is a sudden explosion of sparks!
The yak is severely wounded.
The yak closely misses you. The yak misses you.
You bump into the rock wall.
The yak gores you. The yak gores you!
You bump into the rock wall.
The yak closely misses you. The yak completely misses you. The yak gores you!
* * * LOW HITPOINT WARNING * * *
The yak gores you!
* * * LOW HITPOINT WARNING * * *
You bump into the rock wall.
You feel less confused. The yak closely misses you. The yak barely misses you.
The yak gores you!
You die...

*#...,>,********,****,,,,
*...,*** *,,,,,,,,*, ##.P**
*,,,**,,**, **###P..*
**,*,****,,, *,,.....####
*,,*,,,**,,, *,,**#..#†.#
**,,,,****,, *,,,*#..r.Y##
***,,,,,,* *,* **,,#..#P.Y.#
*,,,,,,,,***,,
*,.........@#***,*,**,,,*,,*
*#.##..#....#,**,*,**,,,*,,,
*#............,,,,,,<,,,,,,,
*****,.##..#....#.#,,,,>**,,,*,*
**,,,,,,.............,,,,,,,,,,,*
*,,*,*,,####.Y...##...,,,,,,,,,,,
**,,***,***#......,...,*,*,,,,,,,
*,,* *,,**P..##..,,...,,**,**,,,
*,****,,***,,,,,,,,,*,,,**,*,,,*


You could see 3 yaks and a porcupine (confused).

Vanquished Creatures
  A hydra (Lair:1)
  2 spiny frogs (Lair:1)
  A komodo dragon (Lair:1)
  A two-headed ogre (D:8)
  Sigmund (D:4)
  A hog (D:7)
  3 yaks
  A human (D:7)
  2 water moccasins (Lair:1)
  6 soldier ants (Lair:1)
  Duvessa (D:5)
  2 porcupines (Lair:1)
  An ice beast (D:8)
  2 necrophages (D:6)
  2 phantoms
  2 centaurs
  2 ogres
  2 crocodiles (Lair:1)
  A big kobold (D:8)
  3 giant frogs
  A scorpion (D:6)
  Dowan (D:5)
  10 wights
  2 howler monkeys (D:6)
  5 crimson imps
  2 giant frog zombies
  2 centaur zombies (D:8)
  2 hounds (D:6)
  7 orc priests
  9 orc wizards
  Terence (D:2)
  An iguana (D:6)
  23 worker ants
  2 sheep (D:7)
  A hound zombie (D:5)
  Robin (D:4)
  13 gnolls
  16 river rats (Lair:1)
  10 adders
  2 shadow imps
  An ooze (D:5)
  A worm (D:2)
  A dart slug (D:1)
  2 giant geckos
  43 orcs
  5 giant cockroaches
  18 goblins
  8 hobgoblins
  16 jackals
  4 quokkas
  7 bats
  A giant gecko skeleton (D:4)
  4 giant newts
  2 gnoll zombies (D:5)
  7 kobolds
  A quokka skeleton (D:6)
  6 rats
  A fungus (D:8)
276 creatures vanquished.

Vanquished Creatures (collateral kills)
  A queen ant (Lair:1)
  A worker ant (Lair:1)
2 creatures vanquished.

Vanquished Creatures (others)
  A fungus (Lair:1)
1 creature vanquished.

Grand Total: 279 creatures vanquished

Notes
Turn   | Place    | Note
--------------------------------------------------------------
     0 | D:1      | nubinia the Deep Elf Venom Mage began the quest for the Orb.
     0 | D:1      | Reached XP level 1. HP: 10/10 MP: 6/6
   312 | D:1      | Reached XP level 2. HP: 15/15 MP: 6/8
   316 | D:1      | Learned a level 2 spell: Cure Poison
   530 | D:1      | Reached skill level 5 in Poison Magic
   599 | D:1      | Reached XP level 3. HP: 17/19 MP: 1/9
  1014 | D:1      | Learned a level 3 spell: Mephitic Cloud
  1302 | D:2      | Noticed Terence
  1330 | D:2      | Killed Terence
  1630 | D:2      | Reached XP level 4. HP: 24/24 MP: 4/11
  1863 | D:2      | Reached skill level 1 in Conjurations
  2326 | D:3      | Noticed M4edhros's ghost (weakling OpNe)
  2623 | D:2      | Reached skill level 4 in Spellcasting
  2878 | D:2      | Reached XP level 5. HP: 28/28 MP: 8/13
  2887 | D:2      | Learned a level 4 spell: Olgreb's Toxic Radiance
  3837 | D:3      | Reached XP level 6. HP: 28/33 MP: 6/15
  4066 | D:3      | Reached skill level 5 in Spellcasting
  4312 | D:3      | Found a glowing golden altar of the Shining One.
  5078 | D:4      | Noticed Robin
  5083 | D:4      | Killed Robin
  5322 | D:4      | Noticed Sigmund
  5333 | D:4      | Killed Sigmund
  5333 | D:4      | Reached skill level 1 in Air Magic
  5333 | D:4      | Reached XP level 7. HP: 37/37 MP: 5/17
  5891 | D:5      | Entered Level 5 of the Dungeon
  5891 | D:5      | Noticed Sagrath01's ghost (novice OpTm)
  5933 | D:5      | Reached skill level 1 in Fighting
  5933 | D:5      | Reached skill level 6 in Spellcasting
  6014 | D:5      | Noticed Duvessa
  6017 | D:5      | Noticed Dowan
  6430 | D:5      | Found a basalt altar of Yredelemnul.
  6642 | D:5      | Reached skill level 1 in Polearms
  6699 | D:5      | Got a translucent hand axe
  6700 | D:5      | Identified the +2 hand axe "Emit" {chop, Int+2} (You found it on level 5 of the Dungeon)
  6806 | D:5      | Killed Dowan
  6978 | D:5      | Reached skill level 5 in Dodging
  7146 | D:5      | Killed Duvessa
  7146 | D:5      | Reached skill level 1 in Staves
  7146 | D:5      | Reached XP level 8. HP: 44/44 MP: 3/19
  7727 | D:6      | Reached skill level 7 in Spellcasting
  7848 | D:6      | Found an opulent altar of Gozag.
  8869 | D:7      | Reached skill level 8 in Spellcasting
  8914 | D:7      | Reached XP level 9. HP: 45/49 MP: 4/23
  9046 | D:7      | Reached skill level 5 in Conjurations
  9050 | D:7      | Found a shimmering altar of Xom.
  9364 | D:7      | Found a staircase to the Ecumenical Temple.
  9372 | Temple   | Entered the Ecumenical Temple
  9389 | Temple   | Became a worshipper of Vehumet
  9614 | D:8      | Reached skill level 9 in Spellcasting
  9617 | D:8      | Reached skill level 5 in Stealth
  9836 | D:8      | Reached * piety under Vehumet
  9836 | D:8      | Offered knowledge of Sandblast by Vehumet.
  9872 | D:8      | Learned a level 1 spell: Sandblast
 10927 | D:8      | Found a staircase to the Lair.
 11410 | D:8      | Reached skill level 5 in Earth Magic
 11698 | Lair:1   | Entered Level 1 of the Lair of Beasts
 11698 | Lair:1   | Noticed a komodo dragon
 11731 | Lair:1   | Killed a komodo dragon
 11875 | Lair:1   | Noticed a spiny frog
 11890 | Lair:1   | Reached XP level 10. HP: 55/55 MP: 20/25
 11983 | Lair:1   | Gained mutation: You regenerate slowly when monsters are visible. [potion of mutation]
 11983 | Lair:1   | Gained mutation: You expend magic power (3 MP) to strengthen your wands. [potion of mutation]
 11983 | Lair:1   | Gained mutation: You are partially covered in iridescent scales (AC +4). [potion of mutation]
 11984 | Lair:1   | Gained mutation: You have large cloven feet. [potion of mutation]
 11984 | Lair:1   | Gained mutation: You can translocate small distances at will. [potion of mutation]
 11984 | Lair:1   | Gained mutation: Armour fits poorly on your strangely shaped body. [potion of mutation]
 12113 | Lair:1   | Reached ** piety under Vehumet
 12114 | Lair:1   | Offered knowledge of Freeze by Vehumet.
 12122 | Lair:1   | Learned a level 1 spell: Freeze
 12367 | Lair:1   | Reached skill level 1 in Ice Magic
 12400 | Lair:1   | Noticed a five-headed hydra
 12411 | Lair:1   | Noticed a spiny frog
 12570 | Lair:1   | Noticed a queen ant
 12576 | Lair:1   | Reached skill level 10 in Spellcasting
 12578 | Lair:1   | Offered knowledge of Inner Flame by Vehumet.
 12619 | Lair:1   | Killed a queen ant
 12660 | Lair:1   | Killed a five-headed hydra
 12660 | Lair:1   | Reached skill level 1 in Evocations
 12663 | Lair:1   | Reached skill level 11 in Spellcasting
 12783 | Lair:1   | Killed a spiny frog
 12783 | Lair:1   | Reached *** piety under Vehumet
 13084 | Lair:1   | Killed a spiny frog
 13084 | Lair:1   | Reached skill level 5 in Ice Magic
 13193 | Lair:2   | Reached XP level 11. HP: 49/59 MP: 19/28
 13204 | Lair:2   | Mangled by a yak

Vault maps used:
D:1:      dpeg_arrival_arbitrary_b
D:2:      uniq_terence
D:3:      lemuel_upstairs_altar, nicolae_overflow_crystal_walls,
          kennysheep_another_room
D:4:      first_bread, roderic_three_in_a_row, uniq_sigmund, uniq_robin
D:5:      lemuel_zombie_altar_yredelemnul, uniq_duvessa
D:6:      kennysheep_little_box, minmay_misc_feat_plants
D:7:      lemuel_doored_altar, grunt_livestock
D:8:      dpeg_oklobed_lair
Temple:   jpeg_temple_clearing_12
Lair:1:   zaba_antful_of_joy, lemuel_fruit_tree, infiniplex_staircase_pool
Lair:2:   portal_ice_cave_entry_pillars_01, lemuel_fruit_fields

Skill      XL: |  1  2  3  4  5  6  7  8  9 10 |
---------------+-------------------------------+-----
Poison Magic   | 5 6 7 |  7.0
Dodging        | 3 4 5 6 |  6.7
Conjurations   | 1 2 3 4 5 6 |  6.4
Spellcasting   | 4 5 6 8 9 11 | 11.3
Stealth        | 3 4 5 |  5.7
Air Magic      | 1 2 3 |  3.1
Fighting       | 1 2 3 |  3.3
Polearms       | 1 |  1.6
Staves         | 1 2 |  2.4
Earth Magic    | 6 |  6.9
Ice Magic      | 5 |  5.1
Evocations     | 1 |  1.5

Action                   |  1- 3 |  4- 6 |  7- 9 | 10-12 || total
-------------------------+-------+-------+-------+-------++-------
Melee: Dagger            |    24 |    67 |    36 |    48 ||   175
       Spear             |       |    25 |   153 |       ||   178
       Quarterstaff      |       |       |   119 |       ||   119
       Scythe            |       |       |    13 |       ||    13
       Hand axe          |       |       |     1 |       ||     1
 Cast: Sting             |    65 |   115 |   152 |    18 ||   350
       Mephitic Cloud    |     2 |    14 |    37 |    13 ||    66
       Cure Poison       |       |       |     7 |     5 ||    12
       Olgreb's Toxic Ra |       |       |     6 |     5 ||    11
       Sandblast         |       |       |    34 |     4 ||    38
       Freeze            |       |       |       |    25 ||    25
Evoke: Wand              |       |       |    14 |     5 ||    19
  Use: Scroll            |     2 |     8 |    12 |     5 ||    27
       Potion            |     1 |     2 |     4 |     2 ||     9
 Stab: Confused          |       |     5 |    10 |     3 ||    18
       Sleeping          |       |     3 |     2 |     1 ||     6
       Distracted        |       |     2 |     3 |       ||     5
  Eat: Chunk             |     2 |    25 |    25 |     2 ||    54
Armor: Robe              |    14 |    14 |    41 |     7 ||    76
Dodge: Dodged            |    32 |    72 |   161 |    47 ||   312
Block: Other             |       |       |     3 |       ||     3
